 Dungeon Crawl Stone Soup version 0.30-a0-591-g3c58d2bc28 (webtiles) character file.

Game seed: 12475495809092335798

4127 NinjaNoafa the Covered (level 10, -10/84 HPs)
             Began as a Ghoul Gladiator on Jan 4, 2023.
             Was a Follower of Cheibriados.
             Mangled by Erica
             ... wielding a +1 scimitar of flaming
              (17 damage)
             ... on level 8 of the Dungeon.
             The game lasted 00:23:31 (10888 turns).

NinjaNoafa the Covered (Ghoul Gladiator)           Turns: 10888, Time: 00:23:32

Health: -10/84     AC: 11    Str: 26    XL:     10   Next: 27%
Magic:  9/9        EV: 14    Int:  6    God:    Cheibriados [*.....]
Gold:   121        SH:  0    Dex: 13    Spells: 9/9 levels left

rFire   + + .      SeeInvis .    a - +0 quarterstaff
rCold   . . .      Faith    .    (shield currently unavailable)
rNeg    + + +      Spirit   .    G - +0 leather armour
rPois   ∞          Reflect  .    d - +2 hat
rElec   .          Harm     .    q - +0 cloak
rCorr   .          Rampage  .    f - +2 pair of gloves
Will    +....                    y - +0 pair of boots "Muneuro" {rF+}
Stlth   +                        m - amulet of the acrobat
HPRegen 0.00/turn                i - ring of willpower
MPRegen 0.11/turn                j - ring of fire

@: mighty, inhibited regen, invisible, very slow
A: claws 1, cold resistance 1, negative energy resistance 3, inhibited
regeneration, torment resistance 2, devour on kill
a: Renounce Religion, Bend Time


You were on level 8 of the Dungeon.
You worshipped Cheibriados.
Cheibriados was aware of your devotion.
You visited 2 branches of the dungeon, and saw 9 of its levels.
You also visited: Ossuary.

You collected 389 gold pieces.
You spent 268 gold pieces at shops.

Inventory:

Hand Weapons
 a - a +0 quarterstaff (weapon)
Missiles
 b - a throwing net
 g - 3 boomerangs (quivered)
 o - a javelin
 u - 11 poisoned darts
Armour
 d - a +2 hat (worn)
 f - a +2 pair of gloves (worn)
 q - a +0 cloak (worn)
 y - the +0 pair of boots "Muneuro" (worn) {rF+}
   (You bought it in a shop on level 6 of the Dungeon)

   rF:        It protects you from fire.
 G - a +0 leather armour (worn)
Jewellery
 i - a ring of willpower (left hand)
 j - a ring of fire (right hand)
 m - an amulet of the acrobat (around neck)
Wands
 r - a wand of charming (5)
 x - a wand of roots (11)
 B - a wand of polymorph (15)
 F - a wand of acid (8)
Scrolls
 e - 2 scrolls of fear
 h - 2 scrolls of immolation
 k - 2 scrolls of vulnerability
 l - a scroll of magic mapping
 n - 4 scrolls of noise
 s - a scroll of silence
 w - a scroll of amnesia
 C - 2 scrolls of enchant weapon {unknown}
 D - a scroll of torment {unknown}
 E - a scroll of brand weapon {unknown}
Potions
 c - a potion of haste
 t - 2 potions of might


   Skills:
 + Level 6.9 Fighting
 + Level 6.0 Staves
 + Level 4.2 Throwing
 - Level 7.3 Armour
 + Level 6.7 Dodging
 + Level 2.7 Evocations


You had 9 spell levels left.
You didn't know any spells.
Your spell library contained the following spells:

 Spells                   Type           Power      Damage    Failure   Level
 Apportation              Tloc           0%         N/A       50%         1
 Freeze                   Ice            0%         1d3       50%         1
 Necrotise                Necr           0%         1d4       50%         1
 Summon Small Mammal      Summ           0%         N/A       50%         1
 Ensorcelled Hibernation  Hex/Ice        0%         N/A       63%         2
 Frozen Ramparts          Ice            0%         1d1       86%         3
 Hailstorm                Conj/Ice       0%         3d3       86%         3
 Anguish                  Hex/Necr       0%         N/A       99%         4
 Simulacrum               Ice/Necr       0%         N/A       100%        6
 Spider Form              Tmut/Pois      Unusable   N/A       N/A         3
 Ice Form                 Ice/Tmut       Unusable   N/A       N/A         4

Dungeon Overview and Level Annotations

Branches:
Dungeon (8/15)             Temple (1/1) D:7         Ossuary (visited)
   Lair: D:8-11

Altars:
Ashenzari
Cheibriados
Dithmenos
Gozag
Kikubaaqudgha
Okawaru
Qazlal
Ru
Sif Muna
Vehumet
Wu Jian
Xom
Yredelemnul

Shops:
D:2 (   D:6 [!:[

Annotations:
D:8 Erica


Innate Abilities, Weirdness & Mutations

You are immune to poison.
You have sharp fingernails.
Your flesh is cold resistant. (rC+)
You are immune to negative energy. (rN+++)
You do not regenerate when monsters are visible.
You are immune to unholy pain and torment.
You thrive by killing the living.


Message History

The roots erupt in riotous growth!
Roots grab the acid dragon.
The grasping roots constrict the acid dragon.
Something hits you.
* * * LOW HITPOINT WARNING * * *
The acid dragon barely misses you. The acid dragon closely misses you.
You sock the acid dragon!
The acid dragon is almost dead.
The grasping roots constrict the acid dragon.
You kill the acid dragon!
Cheibriados appreciates the change of pace.
You feel better.
You hear some strange, mumbled words.
Something tries to affect you, but you resist.
You thump something!
You hear some strange, mumbled words.
A bolt of poison appears from out of thin air!
The bolt of poison misses you.
You miss something. Something barely misses you.
You closely miss something. Something hits you.
* * * LOW HITPOINT WARNING * * *
You fade into invisibility!
Something hits you but does no damage. Something completely misses you.
Something closely misses you. Something barely misses you.
You miss something. Something hits you.
* * * LOW HITPOINT WARNING * * *
Something burns you.
* * * LOW HITPOINT WARNING * * *
You closely miss something. Something hits you.
* * * LOW HITPOINT WARNING * * *
Okay, then.
You can't see any enemies this would affect, really read the scroll of fear? [Y]es or [N]o only, please.
You can't see any enemies this would affect, really read the scroll of fear?
Okay, then.
As you read the scroll labelled NINGI MOGHYAP, it crumbles to dust.
Wisps of shadow whirl around you...
It was a scroll of summoning.
Something hits you!
You die...

....§..##
#.............# #..
#######.#
..###.........# #..
#c$...#...#
##.####....# #..
#.#.#.#...# #..#
#....# ###
..#|#...### ###.##
######
#.#.#.#.#######.gg#
#.....#.##.zg.z..##
#######.##.zgzgF{#
.... .###......@#
#.......# #......g#
#.......# #.......#
#.......# #.......#
#########


You could see a friendly bullfrog (summoned), a friendly gnoll bouda (summoned),
4 friendly wights and 5 friendly gnolls.

Vanquished Creatures
  A hornet (D:8)
  Prince Ribbit (D:6)
  Menkaure (D:6)
  An acid dragon (D:8)
  3 black bears
  An orc warrior (D:4)
  An ice beast (D:7)
  5 centaurs
  2 phantoms
  5 bullfrogs
  3 elf zombies (Ossuary)
  Blork the orc (D:6)
  2 necrophages
  A gnoll sergeant (D:8)
  4 scorpions
  A killer bee (D:7)
  4 howler monkeys
  2 centaur zombies (Ossuary)
  4 hounds
  4 orc priests
  A gnoll bouda (D:8)
  3 jellies
  5 iguanas
  Natasha (thrice) (D:4)
  9 orc wizards
  2 hound zombies (Ossuary)
  4 mummies
  10 gnolls
  6 adders
  2 shadow imps
  2 white imps
  7 adder zombies (Ossuary)
  2 worms
  2 dart slugs
  19 orcs
  7 endoplasms
  5 giant cockroaches
  6 goblins
  6 hobgoblins
  3 jackals (D:5)
  3 quokkas
  15 ball pythons
  4 bats (D:3)
  3 frilled lizards
  5 goblin zombies (Ossuary)
  3 jackal zombies (Ossuary)
  11 kobolds
  3 kobold zombies (Ossuary)
  2 orc zombies (Ossuary)
  2 quokka zombies (Ossuary)
  5 rats
  3 rat zombies (Ossuary)
210 creatures vanquished.

Vanquished Creatures (collateral kills)
  An ogre (D:5)
1 creature vanquished.

Vanquished Creatures (others)
  An orc (D:6)
1 creature vanquished.

Grand Total: 212 creatures vanquished

Notes
Turn   | Place    | Note
-------+----------+-------------------------------------------
     0 | D:1      | NinjaNoafa the Ghoul Gladiator began the quest for the Orb.
     0 | D:1      | Reached XP level 1. HP: 17/17 MP: 0/0
   109 | D:1      | Reached XP level 2. HP: 5/25 MP: 1/1
   479 | D:1      | Reached XP level 3. HP: 30/30 MP: 2/2
  1017 | D:2      | Found Refraisa's Antique Weapon Shop.
  1130 | D:2      | Reached XP level 4. HP: 38/38 MP: 3/3
  2546 | D:3      | Reached XP level 5. HP: 42/45 MP: 4/4
  3431 | D:4      | Noticed Natasha
  3436 | D:4      | Killed Natasha
  3801 | D:4      | Reached XP level 6. HP: 26/52 MP: 5/5
  3968 | D:5      | Entered Level 5 of the Dungeon
  3993 | D:5      | Found a shadowy altar of Dithmenos.
  4335 | D:5      | Reached XP level 7. HP: 40/60 MP: 6/6
  4380 | D:5      | Reached skill level 5 in Fighting
  4635 | D:4      | Noticed Natasha
  4650 | D:4      | Killed Natasha
  4806 | D:4      | Reached skill level 5 in Staves
  4806 | D:4      | Reached skill level 5 in Dodging
  4806 | D:4      | Reached XP level 8. HP: 26/70 MP: 7/7
  5292 | D:4      | Noticed Natasha
  5298 | D:4      | Killed Natasha
  5548 | D:5      | Reached skill level 1 in Armour
  5888 | D:5      | Reached skill level 2 in Armour
  6458 | D:6      | Reached skill level 3 in Armour
  6458 | D:6      | Noticed Blork the orc
  6472 | D:6      | Killed Blork the orc
  6595 | D:6      | Found Ynism's Book Shop.
  6738 | D:6      | Noticed Prince Ribbit
  6754 | D:6      | Reached skill level 4 in Armour
  6779 | D:6      | Killed Prince Ribbit
  6780 | D:6      | Reached skill level 5 in Armour
  6780 | D:6      | Reached XP level 9. HP: 23/75 MP: 8/8
  7144 | D:6      | Found Luryka's Antique Armour Boutique.
  7153 | D:6      | Bought a pair of pitted boots for 218 gold pieces
  7153 | D:6      | Identified the +0 pair of boots "Muneuro" {rF+} (You bought
                  | it in a shop on level 6 of the Dungeon)
  7271 | D:6      | Noticed Menkaure
  7280 | D:6      | Killed Menkaure
  7281 | D:6      | Reached skill level 6 in Armour
  7364 | D:6      | Found Mynenots's Distillery.
  7450 | D:6      | Found Lequuriw's Antique Armour Emporium.
  7502 | D:6      | Found a snail-covered altar of Cheibriados.
  8090 | D:7      | Reached skill level 7 in Armour
  8115 | D:7      | Found a radiant altar of Vehumet.
  8176 | D:7      | Found a staircase to the Ecumenical Temple.
  8291 | Temple   | Entered the Ecumenical Temple
  8794 | D:7      | Reached skill level 1 in Evocations
  9141 | D:7      | Found a shimmering blue altar of Sif Muna.
  9489 | D:6      | Became a worshipper of Cheibriados the Contemplative
  9572 | D:8      | Found a sand-covered staircase.
  9582 | Ossuary  | Entered an ossuary
  9832 | Ossuary  | Reached * piety under Cheibriados
  9952 | Ossuary  | Reached XP level 10. HP: 74/84 MP: 9/9
 10340 | D:8      | Identified the +3 plate armour "Ibranto" {-Tele rElec rF+
                  | rCorr}
 10429 | D:8      | HP: 3/84 [hornet (6)]
 10693 | D:6      | Bought a potion of heal wounds for 50 gold pieces
 10867 | D:8      | Noticed Erica
 10888 | D:8      | Mangled by Erica

Illustrated notes

Levels and vault maps discovered:
D:1:      heliophobic_arrival_glass_houses, layout_loops_ring
D:2:      minmay_chambers_of_ones, layout_loops_ring, serial_shops, shop,
          kennysheep_crisscross
D:3:      minmay_spotlight, layout_basic,
          mainiacjoe_overflow_concentric_impassable
D:4:      layout_basic, nicolae_nh_ransacked_shop, uniq_natasha
D:5:      layout_gridville, nicolae_dithmenos_through_a_glass_darkly,
          hangedman_decor_peaks_small
D:6:      layout_gridville, cheibrodos_worm_habitat, serial_shops,
          nicolae_shop_trees, nicolae_lakefront_shop,
          nicolae_shop_advertising_works [nicolae_subvault_shop_adworks],
          nicolae_diamond_shop, uniq_blork_the_orc, uniq_menkaure,
          uniq_prince_ribbit1
D:7:      layout_gridville, mainiacjoe_overflow_boulevard,
          minmay_temple_entry_statues_pillars, minmay_ruined_shrine
D:8:      layout_rooms, kennysheep_mini, gup_ossuary_entry_pyramid,
          minmay_checkerbox, uniq_erica
Temple:   dpeg_chambers_temple

Skill      XL: |  1  2  3  4  5  6  7  8  9 10 |
---------------+-------------------------------+-----
Throwing       | 2 3 4 |  4.2
Staves         | 3 4 5 6 |  6.0
Dodging        | 3 4 5 6 |  6.7
Fighting       | 3 4 5 6 |  6.9
Armour         | 5 7 |  7.3
Evocations     | 2 |  2.7

Action                   |  1- 3 |  4- 6 |  7- 9 | 10-12 || total
-------------------------+-------+-------+-------+-------++-------
Melee: Quarterstaff      |   100 |   199 |   531 |    92 ||   922
Throw: Throwing net      |       |     3 |     1 |       ||     4
       Javelin           |       |     2 |     2 |       ||     4
       Dart              |       |       |    20 |       ||    20
       Boomerang         |       |       |       |    21 ||    21
Evoke: Wand              |       |       |     6 |     4 ||    10
  Use: Scroll            |       |     6 |    11 |     4 ||    21
       Potion            |       |       |     2 |     8 ||    10
 Stab: Fleeing           |       |       |       |     2 ||     2
Armor: Leather armour    |    27 |    58 |    88 |    39 ||   212
       Plate armour      |       |       |   277 |       ||   277
Dodge: Dodged            |    58 |   167 |   355 |   139 ||   719

Table legend: (Time is in decaauts)
 A = Elapsed time spent in this place.
 B = Non-inter-level travel time spent in this place.
 C = Inter-level travel time spent in this place.
 D = Time resting spent in this place.
 E = Time spent auto-exploring this place.
 F = Levels seen in this place.
 G = Mean time per level.
                   A        B        C        D        E       F      G
               +--------+--------+--------+--------+--------+-----+--------+
         Total |  11195 |  10019 |   1176 |     91 |   7514 |  10 | 1119.5 |
       Dungeon |  10376 |   9230 |   1146 |     91 |   7062 |   8 | 1297.0 |
        Temple |    256 |    226 |     30 |      0 |    187 |   1 |  256.0 |
       Ossuary |    563 |    563 |      0 |      0 |    265 |   1 |  563.0 |
               +--------+--------+--------+--------+--------+-----+--------+

Top non-repeatable levels by time:
     D:4: 1847 daAuts
     D:6: 1566 daAuts
     D:7: 1522 daAuts
     D:5: 1444 daAuts
     D:3: 1266 daAuts
     D:2: 1000 daAuts
     D:1: 891 daAuts
     D:8: 837 daAuts
 Ossuary: 563 daAuts
  Temple: 256 daAuts
